 Dungeon Crawl Stone Soup version 0.31-a0-1308-ga3cce3a448 (webtiles) character file.

Game seed: 16528917038927295092

1387201 Midn8 the Acrobat (level 25, 175/175 HPs)
             Began as a Felid Wanderer on Nov 6, 2023.
             Was the Champion of Vehumet.
             Escaped with the Orb
             ... and 3 runes on Dec 19, 2023!
             The game lasted 05:52:31 (100949 turns).

Midn8 the Acrobat (Felid Wanderer)                Turns: 100949, Time: 05:52:32

Health: 175/175    AC: 31    Str:  8      XL:     25   Next: 61%
Magic:  42/45      EV: 42    Int: 28 (29) God:    Vehumet [******]
Gold:   2048       SH:  0    Dex: 25      Spells: 3/58 levels left
                                        Lives:  2   Deaths: 7

rFire   + .          .
                       - Unarmed
rCold   . . .        (shield unavailable)
rNeg    + . .        (body armour unavailable)
rPois   ∞            (helmet unavailable)
rElec   +            (cloak unavailable)
rCorr   .            (gloves unavailable)
SInv    +            (boots unavailable)
Will    ++++.        X - amulet of regeneration
Stlth   ++           M - ring "Lowumn" {^Contam rF+ AC+4 Slay+4}
HPRegen 1.29/turn    C - ring "Voimy" {Int+7 Dex+6 Stlth+}
MPRegen 0.29/turn

%: no passive effects
@: statue-form, very slow
A: slow and powerful, torment resistance 1, boosted hp, very small, claws 1,
fangs 3, see invisible, (shaggy fur 3), stealthy paws, no weapons or thrown
items, no armour, multi-lived, strong-willed 1, mutation resistance 1, inability
to drink after injury 1
0: Orb of Zot
}: 3/15 runes: decaying, serpentine, silver
a: Begin Untransformation, Renounce Religion


You escaped.
You worshipped Vehumet.
Vehumet was exalted by your worship.
You were a living statue of rough stone.
You visited 10 branches of the dungeon, and saw 50 of its levels.
You visited 1 bazaar.
You also visited: Ice Cave.

You collected 6760 gold pieces.
You spent 4712 gold pieces at shops.

Inventory:

Jewellery
 B - the ring of Kusif {rC+ rCorr Int+6 Stlth+}
   (You took it off a vault guard on level 5 of the Vaults)

   [ring of intelligence]

   Int+6:     It affects your intelligence (+6).
   rC+:       It protects you from cold.
   rCorr:     It protects you from acid and corrosion.
   Stlth+:    It makes you more stealthy.
 C - the ring "Voimy" (right paw) {Int+7 Dex+6 Stlth+}
   (You took it off a deep elf demonologist on level 5 of the Vaults)

   [ring of dexterity]

   Int+7:     It affects your intelligence (+7).
   Dex+6:     It affects your dexterity (+6).
   Stlth+:    It makes you more stealthy.
 F - a ring of positive energy
 G - a ring of willpower
 K - a ring of wizardry
 M - the ring "Lowumn" (left paw) {^Contam rF+ AC+4 Slay+4}
   (You took it off a naga on level 4 of the Snake Pit)

   [ring of protection]

   AC+4:      It affects your AC (+4).
   Slay+4:    It affects your accuracy & damage with ranged weapons and melee
   (+4).
   rF+:       It protects you from fire.
   ^Contam:   It causes magical contamination when unequipped.
 O - a ring of protection from fire
 T - a ring of willpower
 V - a ring of flight
 X - an amulet of regeneration (around neck)
 Y - a +5 ring of evasion
 Z - the amulet of Xom's Attic {Harm Regen+ Str+4}
   (You took it off a yaktaur captain on level 5 of the Vaults)

   [amulet of regeneration]

   Str+4:     It affects your strength (+4).
   Regen+:    It increases your rate of health regeneration.
   Harm:      It increases damage dealt and taken.
Talismans
 W - a granite talisman (active)
Wands
 j - a wand of acid (12)
 u - a wand of roots (23)
 y - a wand of charming (46)
 D - a wand of digging (6)
 H - a wand of polymorph (13)
 L - a wand of flame (45)
 N - a wand of mindburst (13)
Scrolls
 a - 5 scrolls of blinking
 b - 7 scrolls of noise
 c - 31 scrolls of identify
 h - 2 scrolls of torment
 k - 2 scrolls of silence
 l - 9 scrolls of teleportation
 m - 4 scrolls of vulnerability
 s - 4 scrolls of immolation
 v - 7 scrolls of poison
 z - 3 scrolls of fear
 E - 8 scrolls of fog
 J - 4 scrolls of summoning
 S - 2 scrolls of amnesia
Potions
 d - 8 potions of enlightenment
 e - 6 potions of resistance
 f - 21 potions of curing
 g - 4 potions of lignification
 n - 6 potions of heal wounds
 o - 4 potions of attraction
 p - 2 potions of invisibility
 q - a potion of ambrosia
 r - 8 potions of mutation
 t - 2 potions of magic
 A - 8 potions of might
 I - 9 potions of brilliance
 P - 7 potions of cancellation
 Q - 3 potions of haste
 R - 3 potions of berserk rage
Miscellaneous
 i - a lightning rod (4/4)
 x - a phantom mirror


   Skills:
 + Level 14.7 Fighting
 - Level 22.0 Dodging
 - Level 8.0 Stealth
 - Level 10.0 Unarmed Combat
 - Level 17.0 Spellcasting
 - Level 17.0 Conjurations
 - Level 7.0 Hexes
 - Level 9.0 Summonings
 - Level 5.5 Transmutations
 - Level 22.0 Earth Magic
 - Level 5.7 Poison Magic
 - Level 5.0 Evocations
 - Level 16.0 Shapeshifting


You had 3 spell levels left.
You knew the following spells:

 Your Spells              Type           Power      Damage    Failure   Level
a - Shatter               Erth           49%        3d37*     7%          9
c - Mephitic Cloud        Conj/Pois/Air  60%        N/A       1%          3
d - Orb of Destruction    Conj           43%        9d12      1%          7
e - Lee's Rapid Deconstr  Erth           49%        3d23*     0%          5
r - Bombard               Conj/Erth      46%        9d8       1%          6
s - Lehudib's Crystal Sp  Conj/Erth      46%        10d11     1%          8
t - Irradiate             Conj/Tmut      36%        3d23      1%          5
v - Spellforged Servitor  Conj/Summ      38%        N/A       2%          7
y - Yara's Violent Unrav  Hex/Tmut       28%        3d12      1%          5

Your spell library contained the following spells:

 Spells                   Type           Power      Damage    Failure   Level
 Fire Storm               Conj/Fire      32%        8d8       100%        9
 Magic Dart               Conj           100%       1d8       0%          1
 Sandblast                Erth           100%       2d20      0%          1
 Passwall                 Tmut/Erth      65%        N/A       0%          2
 Searing Ray              Conj           100%       2d8       0%          2
 Stone Arrow              Conj/Erth      100%       3d13      0%          3
 Freeze                   Ice            92%        1d9       1%          1
 Kiss of Death            Conj/Necr      100%       2d13      1%          1
 Necrotise                Necr           92%        1d8       1%          1
 Shock                    Conj/Air       100%       1d9       1%          1
 Slow                     Hex            100%       N/A       1%          1
 Sting                    Tmut/Pois      100%       1d8       1%          1
 Summon Small Mammal      Summ           100%       N/A       1%          1
 Cigotuvi's Dreadful Rot  Necr/Pois/Air  68%        N/A       1%          2
 Ensorcelled Hibernation  Hex/Ice        86%        N/A       1%          2
 Momentum Strike          Conj/Tloc      100%       3d10      1%          2
 Poisonous Vapours        Pois/Air       78%        N/A       1%          2
 Scorch                   Fire           46%        2d6       1%          2
 Static Discharge         Conj/Air       100%       3-8/arc   1%          2
 Wereblood                Tmut           53%        N/A       1%          2
 Call Canine Familiar     Summ           65%        N/A       1%          3
 Dazzling Flash           Conj/Hex       100%       N/A       1%          3
 Ignite Poison            Fire/Tmut/Pois 44%        N/A       1%          3
 Sigil of Binding         Hex            59%        N/A       1%          3
 Summon Guardian Golem    Hex/Summ       62%        N/A       1%          3
 Tukima's Dance           Hex            59%        N/A       1%          3
 Blink                    Tloc           46%        N/A       3%          2
 Lesser Beckoning         Tloc           46%        N/A       3%          2
 Gell's Gravitas          Tloc           23%        N/A       6%          3
 Ozocubu's Armour         Ice            23%        N/A       6%          3
 Swiftness                Air            23%        N/A       6%          3
 Teleport Other           Tloc           23%        N/A       6%          3
 Vampiric Draining        Necr           23%        2d7       6%          3
 Brom's Barrelling Bould  Conj/Erth      93%        2d10      0%          4
 Cause Fear               Hex            29%        N/A       1%          4
 Flame Wave               Conj/Fire      64%        2d15      1%          4
 Fulminant Prism          Conj/Hex       37%        3d17      1%          4
 Iskenderun's Mystic Bla  Conj/Tloc      64%        2d13      1%          4
 Leda's Liquefaction      Tmut/Erth      39%        N/A       1%          4
 Olgreb's Toxic Radiance  Pois           54%        N/A       1%          4
 Petrify                  Tmut/Erth      79%        N/A       1%          4
 Borgnjor's Vile Clutch   Necr/Erth      35%        N/A       1%          5
 Fireball                 Conj/Fire      32%        3d14      1%          5
 Freezing Cloud           Conj/Ice/Air   26%        6-21      1%          5
 Iskenderun's Battlesphe  Conj           87%        2d13      1%          5
 Summon Mana Viper        Hex/Summ       62%        N/A       1%          5
 Conjure Ball Lightning   Conj/Air       32%        3x3d10    2%          6
 Starburst                Conj/Fire      32%        6d10      2%          6
 Summon Lightning Spire   Summ/Air       49%        N/A       3%          4
 Airstrike                Air            11%        2d(2-18)  5%          4
 Summon Cactus Giant      Summ           32%        N/A       8%          6
 Summon Forest            Summ/Tloc      24%        N/A       9%          5
 Eringya's Noxious Bog    Tmut/Pois      26%        4d6       9%          6
 Metabolic Englaciation   Hex/Ice        21%        N/A       13%         5
 Silence                  Hex/Air        21%        N/A       13%         5
 Animate Dead             Necr           23%        N/A       19%         4
 Manifold Assault         Tloc           23%        N/A       19%         4
 Passage of Golubria      Tloc           23%        N/A       19%         4
 Vhi's Electric Charge    Tloc/Air       46%        N/A       19%         4
 Monstrous Menagerie      Summ           32%        N/A       38%         7
 Summon Hydra             Summ           32%        N/A       38%         7
 Agony                    Necr           23%        N/A       47%         5
 Haunt                    Necr/Summ      24%        N/A       95%         7
 Dispersal                Tloc           11%        N/A       96%         6
 Simulacrum               Ice/Necr       11%        N/A       96%         6
 Ozocubu's Refrigeration  Ice            11%        4d10      97%         7
 Discord                  Hex            29%        N/A       100%        8
 Disjunction              Tloc           11%        N/A       100%        8
 Ignition                 Fire           11%        3d5       100%        8
 Infestation              Necr           11%        N/A       100%        8
 Maxwell's Capacitive Co  Air            11%        ∞         100%        8
 Chain Lightning          Conj/Air       32%        3d42      100%        9
 Death's Door             Necr           11%        N/A       100%        9
 Dragon's Call            Summ           32%        N/A       100%        9
 Polar Vortex             Ice            11%        12d1*     100%        9
 Sublimation of Blood     Necr           Unusable   N/A       N/A         2
 Dimensional Bullseye     Hex/Tloc       Unusable   N/A       N/A         4

Dungeon Overview and Level Annotations

Branches:
Dungeon (15/15)            Temple (0/1) D:6            Lair (5/5) D:11
  Swamp (4/4) Lair:2        Snake (4/4) Lair:2        Slime (0/5) Lair:5
    Orc (2/2) D:11            Elf (3/3) Orc:2        Vaults (5/5) D:14
  Crypt (3/3) Vaults:2       Tomb (0/3) Crypt:3      Depths (4/4) D:15
    Zot (5/5) Depths:4      IceCv (visited)

Altars:
Ashenzari
Cheibriados
Dithmenos
Elyvilon
Fedhas
Gozag
Hepliaklqana
Kikubaaqudgha
Nemelex Xobeh
Okawaru
Qazlal
Ru
Trog
Uskayaw
Vehumet
Wu Jian
Xom
Yredelemnul
The Shining One
Jiyva
Lugonu

Shops:
D:7 !   D:10 (   Orc:2 ?[([!   Elf:1 *   Elf:2 (   Elf:3 *=   Vaults:2 *
Vaults:3 =   Depths:4 ?

Portals:
Hell: Depths:1 Depths:2 Depths:3 Depths:4
Abyss: Lair:5 Depths:1 Depths:3 Depths:4
Pandemonium: Depths:2
Ziggurat: Depths:4
Trove: Vaults:1 (give 17 potions of curing)

Annotations:
D:4 1 runed translucent door, Crazy Yiuf
D:11 1 runed translucent door, Dordric's ghost, journeyman TrSh
D:15 2 transporters, Veikh's ghost, journeyman SpDe
Orc:2 2 transporters, bmb222's ghost, journeyman TrSh
Elf:2 3 runed translucent doors
Vaults:1 36 runed doors
Zot:3 Tiamat


Innate Abilities, Weirdness & Mutations

You are a living statue of rough stone.
Your actions are slow, but your melee attacks are powerful.
You are resistant to unholy torment.
Your maximum health is greatly increased.
You are immune to poison.
You have sharp claws.
You have razor-sharp teeth.
You have supernaturally acute eyesight. (SInv)
((Your thick and shaggy fur keeps you warm. (AC +3, rC+)))
Your paws help you pounce on unaware monsters.
You are incapable of wielding weapons or throwing items.
You cannot wear armour.
You gain extra lives every three experience levels.
You are strong-willed. (Will+)
You are somewhat resistant to further mutation.
You occasionally lose the ability to drink potions when taking damage.


Message History

The hellwing is severely wounded.
The hellwing completely misses you. The hellwing misses you.
You closely miss the hellwing.
The hellwing is severely wounded.
The hellwing hits you but does no damage.
The hellwing completely misses you.
You barely miss the hellwing.
The hellwing is heavily wounded.
The hellwing completely misses you. x4
You scratch the hellwing.
The hellwing is severely wounded.
The hellwing misses you. The hellwing completely misses you.
You scratch the hellwing but do no damage.
You claw the hellwing.
The hellwing is severely wounded.
The hellwing completely misses you.
The hellwing hits you but does no damage.
You completely miss the hellwing.
The hellwing is severely wounded.
The hellwing completely misses you. The hellwing misses you.
You mangle the hellwing!!
You kill the hellwing!
Vehumet accepts your kill.
You feel your power returning.
(D) Dungeon (T) Temple (L) Lair (S) Swamp (P) Snake Pit (M) Slime Pits (O) Orcish Mines (E) Elven Halls (V) Vaults (C) Crypt (W) Tomb (U) Depths (H) Hell (Z) Zot
Where to? (Tab/Enter - D:1, ? - help)
There is a stone staircase leading up here.
You climb upwards.
There is a stone staircase leading down here.
(D) Dungeon (T) Temple (L) Lair (S) Swamp (P) Snake Pit (M) Slime Pits (O) Orcish Mines (E) Elven Halls (V) Vaults (C) Crypt (W) Tomb (U) Depths (H) Hell (Z) Zot
Where to? (Tab/Enter - D:1, ? - help)
What level of the Dungeon? (default 1, ? - help)
There is a staircase leading out of the dungeon here.
You have escaped!

## #########.......# ###...####
.# #........##.....#####.........
.# #......[.....#............####
.# #....#.#...[#.#....#.#.......)
.# #...)...#..##.##[.#...........
.# #.......#..#...#..#...........
.# #.[..#..#..#...#..#..#....#.##
.# #.....###.........###.........
.#######......#.8.#......#...#.##
.........#....#...#......#...#.#
.#######>##....###.....#.#...#.#
.# #........#..............# .#
###................)...## ##
#..##.....##..#..#.#.##
#.###.....###.........##
#.##.#...#.##...........
#..###...###.....##...##


There were no monsters in sight!

Vanquished Creatures
  A dread lich (Vaults:5)
  An ancient lich (Zot:5)
  3 orbs of fire
  Sojobo (Vaults:3)
  3 Killer Klowns (Zot:5)
  A caustic shrike (Depths:2)
  Jory (Vaults:4)
  4 golden dragons
  A Tzitzimitl (D:2)
  A Brimstone Fiend (Zot:2)
  An electric golem (Zot:5)
  11 tentacled monstrosities
  Zenata (Vaults:4)
  Rupert (D:14)
  7 titans (Vaults:5)
  2 deep elf blademasters (Elf:3)
  18 Orb Guardians
  2 quicksilver dragons
  6 liches
  2 deep elf master archers (Elf:3)
  Frances (Elf:1)
  3 sphinxes
  8 ancient champions
  Agnes (D:15)
  3 death cobs
  Aizul (Vaults:4)
  Donald (Orc:2)
  Gastronok (D:11)
  Kirke (Swamp:1)
  4 tengu reavers
  3 revenants
  8 storm dragons
  6 shadow dragons
  2 draconian monks
  Roxanne (Elf:1)
  7 nagarajas
  6 fire giants
  5 frost giants
  2 iron dragons
  2 fenstrider witches
  3 ghost moths
  3 draconian knights
  2 deep elf elementalists (Elf:3)
  2 draconian scorchers
  8 vault wardens
  3 deep elf sorcerers (Elf:3)
  3 draconian annihilators
  A caustic shrike zombie (Crypt:1)
  5 ironbound preservers
  5 curse skulls
  6 ghouls
  3 orc warlords
  A reaper (D:10)
  4 spriggan defenders
  12 very ugly things
  10 ironbound thunderhulks
  3 vampire knights
  13 stone giants
  2 deep elf death magi (Elf:3)
  2 eleionomae
  3 black draconians
  6 deep elf demonologists
  2 white draconians
  3 purple draconians
  8 dire elephants
  A lorocyproca (Zot:2)
  9 deep elf annihilators
  A red draconian (Zot:4)
  A green draconian (Depths:4)
  7 bunyips
  A yellow draconian (Zot:4)
  A blizzard demon (Depths:2)
  A green death (D:10)
  6 spark wasps
  8 eidola
  9 ettins
  A mummy priest (Crypt:3)
  3 jiangshi
  A crystal guardian (Vaults:3)
  A fire dragon (Depths:3)
  2 shambling mangroves
  2 spriggan zombies
  2 great orbs of eyes
  3 deep elf high priests
  4 yaktaur captains
  5 ice dragons
  2 hell beasts
  A rakshasa (D:2)
  Erolcha (Orc:2)
  5 ogre magi
  12 vault guards
  2 spriggan air magi (Depths:3)
  2 ghost crabs (Swamp:3)
  2 centaur warriors
  2 salamander tyrants
  16 hydras
  A peacekeeper (Vaults:3)
  8 ironbound frosthearts
  2 death knights
  8 alligators
  2 boulder beetles
  2 fenstrider witch skeletons
  6 death yaks
  17 two-headed ogres
  9 naga warriors
  13 anacondas
  12 dancing weapons
  5 hell hogs
  4 tengu warriors
  2 vampire magi
  4 thrashing horrors (Lair:5)
  An emperor scorpion zombie (Crypt:2)
  A deep troll earth mage (Depths:3)
  5 spriggan berserkers
  Urug (Orc:2)
  9 shock serpents
  16 naga sharpshooters
  5 orc high priests
  3 occultists
  A hell knight (Depths:3)
  4 soul eaters
  A sun demon (Depths:4)
  4 deep elf knights
  14 skeletal warriors
  A salamander mystic (Snake:3)
  3 iron trolls
  A shadow wraith (Crypt:2)
  An anaconda zombie (Crypt:2)
  A goliath frog (Swamp:1)
  A skyshark (Lair:4)
  3 spriggan druids (Swamp:4)
  A flayed ghost (Crypt:3)
  Lodul (D:11)
  8 sea snakes (Snake:4)
  A golden dragon zombie (Crypt:1)
  A glowing orange brain (Depths:2)
  A bunyip skeleton (Crypt:1)
  3 naga ritualists
  19 deep trolls
  17 lindwurms
  An obsidian statue (Zot:5)
  3 bog bodies
  10 swamp dragons
  2 anaconda skeletons (Crypt:1)
  A tengu zombie (Depths:1)
  8 phantasmal warriors
  7 deep elf archers
  A large abomination (Lair:5)
  An orb spider (shapeshifter) (Vaults:3)
  7 arcanists
  13 deep elf zephyrmancers
  14 ironbound convokers
  A goliath frog zombie (Crypt:3)
  22 deep elf pyromancers
  A shadow dragon skeleton (Crypt:1)
  A stone giant zombie (Depths:1)
  10 orc knights
  6 necromancers
  2 will-o-the-wisps
  An iron dragon zombie (Crypt:1)
  45 ugly things
  15 salamanders
  6 orc sorcerers
  10 mana vipers
  5 cyclopes
  14 moths of wrath
  6 manticores
  2 iron dragon skeletons
  A jorogumo skeleton (Crypt:3)
  11 elephants (Lair:1)
  Maurice (Orc:2)
  A stone giant skeleton (Crypt:1)
  3 kobold blastminers
  22 naga magi
  17 vault sentinels
  A titan simulacrum (Crypt:3)
  2 smoke demons (Lair:5)
  6 guardian serpents
  31 black mambas
  A gargoyle (D:13)
  Jeremiah (D:5)
  10 cane toads
  2 orange demons
  A pale draconian zombie (Crypt:3)
  6 rime drakes
  A hellion (Zot:2)
  7 yaktaurs
  An efreet (D:14)
  4 komodo dragons
  An unseen horror (D:12)
  2 guardian mummies (Crypt:3)
  A tormentor (Depths:2)
  2 tengu conjurers
  6 trolls
  5 tyrant leeches
  7 polar bears
  3 bloated husks
  A hellwing (D:2)
  2 saltlings (Vaults:3)
  14 hornets
  Grinder (D:5)
  A hydra skeleton (Crypt:1)
  A hydra zombie (Crypt:3)
  2 blink frogs (shapeshifter) (Lair:5)
  21 blink frogs
  2 raiju (Lair:5)
  A culicivora (Vaults:1)
  17 slime creatures
  4 air elementals
  2 ettin skeletons (Crypt:2)
  A flying skull (Crypt:1)
  A water elemental (Elf:1)
  13 spriggans
  A shadow (D:11)
  2 ushabtiu (Crypt:3)
  A jumping spider (Vaults:1)
  A vampire (D:12)
  2 ynoxinuls (Lair:5)
  3 fire elementals
  3 basilisks
  A tyrant leech zombie (Crypt:2)
  6 wraiths
  44 yaks
  5 humans (D:14)
  6 wyverns
  5 hogs (Swamp:1)
  A redback (Vaults:1)
  16 vampire mosquitoes
  A neqoxec (D:14)
  A naga zombie (Crypt:1)
  9 small abominations (Lair:5)
  Menkaure (D:4)
  12 swamp worms
  A swamp worm (shapeshifter) (Vaults:5)
  5 wargs
  3 acid dragons
  9 water moccasins
  54 nagas
  A hydra simulacrum (Crypt:1)
  2 nameless horrors
  Duvessa (D:5)
  A naga skeleton (Crypt:2)
  10 swamp drakes
  4 ice beasts
  15 orc warriors
  2 black bears
  3 sky beasts
  A spriggan simulacrum (Depths:1)
  12 ogres
  4 centaurs
  A boggart (Vaults:1)
  16 wolves
  2 swamp dragon skeletons (Crypt:1)
  7 kobold brigands
  A phantom (D:4)
  A vine stalker zombie (Crypt:2)
  11 bullfrogs
  Blork the orc (D:4)
  2 earth elementals (Elf:2)
  A gnoll sergeant (D:6)
  A cyclops zombie (Crypt:2)
  A two-headed ogre simulacrum (Crypt:1)
  A necrophage (Crypt:3)
  2 scorpions
  8 wights (D:10)
  Dowan (D:5)
  3 killer bees (D:10)
  A raiju skeleton (Crypt:3)
  6 howler monkeys
  3 electric eels
  3 centaur zombies (Crypt:1)
  13 jellies
  A bullfrog skeleton (Crypt:3)
  5 hounds
  17 orc priests
  3 iguanas
  Terence (D:2)
  10 hell rats
  33 orc wizards
  An acid dragon skeleton (Crypt:2)
  7 mummies
  6 gnolls
  6 adders
  A shadow imp (D:5)
  2 white imps
  3 ufetubi
  A lava snake skeleton (Crypt:2)
  A worm (D:4)
  4 dart slugs
  67 orcs
  21 endoplasms
  A giant cockroach (D:1)
  10 goblins
  8 hobgoblins
  5 jackals
  6 quokkas
  10 ball pythons
  A ball python zombie (Crypt:1)
  A bat (D:2)
  A frilled lizard (D:1)
  24 kobolds
  4 rats
  A river rat skeleton (Crypt:3)
  A butterfly (Lair:1)
1638 creatures vanquished.

Vanquished Creatures (collateral kills)
  A dread lich (Zot:5)
  2 ancient liches
  2 orbs of fire
  Mennas (Vaults:2)
  Xtahua (Crypt:3)
  Saint Roka (Vaults:4)
  A curse toe (Zot:3)
  4 golden dragons
  A profane servitor (Crypt:3)
  A bone dragon (Crypt:3)
  An electric golem (Zot:5)
  5 tentacled monstrosities
  A walking crystal tome (Depths:3)
  A titan (Vaults:5)
  6 Orb Guardians (Zot:5)
  2 liches
  The ghost of Yschutux the Brawler, an adept DrMo of Ru (Snake:1)
  3 death cobs
  A walking frostbound tome (Depths:3)
  6 storm dragons
  3 ancient champions (Crypt:3)
  A sphinx (Depths:2)
  4 quicksilver dragons
  2 tengu reavers (Vaults:5)
  A revenant (Crypt:3)
  2 protean progenitors
  5 fire giants
  5 shadow dragons
  3 draconian knights
  An iron dragon (Vaults:5)
  2 deep elf sorcerers
  A draconian shifter (Zot:5)
  3 draconian scorchers (Zot:4)
  A deep elf elementalist (Elf:3)
  A frost giant (Vaults:5)
  4 vault wardens
  7 ghouls
  6 stone giants
  7 ironbound preservers
  A caustic shrike skeleton (Crypt:3)
  3 war gargoyles (Vaults:5)
  15 very ugly things
  3 green draconians
  3 deep elf death magi
  A deep elf demonologist (Vaults:5)
  4 vampire knights
  3 black draconians
  2 red draconians
  6 dire elephants
  2 purple draconians
  5 spark wasps
  4 deep elf annihilators
  4 white draconians
  4 yellow draconians
  2 eidola
  A mummy priest (Crypt:3)
  3 ettins
  3 fire dragons
  5 yaktaur captains
  A crystal guardian (Vaults:3)
  2 entropy weavers
  3 jiangshi
  16 vault guards
  An ice dragon (shapeshifter) (Vaults:5)
  3 ice dragons
  A quicksilver dragon skeleton (Depths:1)
  An ironbound frostheart (Vaults:4)
  2 dancing weapons (Elf:2)
  2 death knights
  3 vampire magi
  3 deep troll shamans
  2 tengu warriors
  2 deep troll earth magi
  2 spriggan berserkers (Depths:3)
  An orc high priest (Vaults:4)
  5 spriggans
  3 hell knights (Depths:3)
  A deep elf knight (Elf:3)
  3 iron trolls
  2 titan skeletons
  6 skeletal warriors
  A glowing orange brain (Depths:3)
  A flayed ghost (Crypt:1)
  4 deep trolls
  An orb spider (shapeshifter) (Elf:3)
  A bog body (Crypt:1)
  2 deep elf archers (Elf:3)
  An arcanist (Vaults:2)
  A deep elf pyromancer (Elf:3)
  4 necromancers
  3 ironbound convokers
  8 phantasmal warriors
  A deep elf zephyrmancer (Elf:3)
  5 orc knights
  2 lindwurms (Vaults:2)
  15 ugly things
  A fire giant zombie (Crypt:2)
  6 moths of wrath
  A vault sentinel (Vaults:5)
  A dire elephant skeleton (Crypt:1)
  A yaktaur (Zot:3)
  A tengu conjurer (Depths:1)
  A guardian mummy (Crypt:3)
  A freezing wraith (Crypt:1)
  An orb spider zombie (Crypt:3)
  A spark wasp simulacrum (Depths:1)
  A harpy zombie (Crypt:2)
  5 hornets
  A stone giant simulacrum (Depths:1)
  4 slime creatures (Vaults:4)
  A flying skull (Crypt:1)
  2 spriggan skeletons
  5 wraiths
  A warg (Vaults:5)
  A redback (Vaults:4)
  A demonspawn zombie (Crypt:3)
  A water moccasin (Lair:4)
  An orc warrior (Vaults:5)
  An ettin simulacrum (Crypt:2)
  An ogre (Vaults:5)
  6 necrophages
  A human zombie (Crypt:1)
  A basilisk skeleton (Crypt:1)
  A brain worm zombie (Crypt:1)
  5 mummies (Crypt:3)
  An orc (Vaults:5)
  2 aspiring fleshes
348 creatures vanquished.

Vanquished Creatures (others)
  An ancient lich (Zot:5)
  2 eldritch tentacles (Zot:5)
  Nessos (Lair:4)
  A black draconian (Zot:2)
  An ettin (Depths:4)
  A vault guard (D:14)
  2 deep elf zephyrmancers (Elf:1)
  A swamp worm (Swamp:2)
  An orc warrior (Vaults:5)
  A wolf (Lair:5)
  3 boulders
  2 foxfires (Swamp:4)
  88 fulminant prisms
105 creatures vanquished.

Grand Total: 2091 creatures vanquished

Notes
Turn   | Place    | Note
-------+----------+-------------------------------------------
     0 | D:1      | Midn8 the Felid Wanderer began the quest for the Orb.
     0 | D:1      | Midn8 set off with the following items: 2 scrolls of
                  | blinking, a scroll of fear; and the following spell
                  | memorised: Sandblast; and the following spells available to
                  | memorise: Stone Arrow.
     0 | D:1      | Reached XP level 1. HP: 7/7 MP: 3/3
   579 | D:1      | Reached XP level 2. HP: 11/11 MP: 1/5
  1670 | D:2      | Reached XP level 3. HP: 14/14 MP: 2/6
  2218 | D:2      | Noticed Terence
  3020 | D:2      | Killed Terence
  3021 | D:2      | Reached XP level 4. HP: 18/18 MP: 0/7
  3693 | D:3      | Reached skill level 1 in Fighting
  3893 | D:3      | Reached XP level 5. HP: 17/22 MP: 3/9
  4612 | D:4      | Noticed a phantom
  4893 | D:4      | Noticed a sky beast
  4979 | D:4      | Killed a sky beast
  4980 | D:4      | Reached skill level 5 in Earth Magic
  4980 | D:4      | Gained mutation: You are covered in thick fur. (AC +2)
                  | [Felid growth]
  4980 | D:4      | Reached XP level 6. HP: 28/28 MP: 5/10
  5191 | D:4      | Noticed a yak
  5192 | D:4      | Noticed an acid dragon
  5199 | D:4      | Noticed Blork the orc
  5512 | D:5      | Entered Level 5 of the Dungeon
  5512 | D:5      | Noticed Menkaure
  5541 | D:4      | Killed Blork the orc
  5542 | D:4      | Reached XP level 7. HP: 15/31 MP: 5/11
  5546 | D:4      | Learned a level 3 spell: Stone Arrow
  5834 | D:4      | Reached skill level 1 in Conjurations
  5883 | D:4      | Found a runed translucent door.
  5884 | D:4      | Noticed Crazy Yiuf
  6089 | D:5      | Noticed Dowan
  6100 | D:4      | Killed Menkaure
  6608 | D:5      | Reached XP level 8. HP: 34/34 MP: 7/13
  6608 | D:5      | Noticed Grinder
  6634 | D:5      | Killed Grinder
  6635 | D:5      | Reached skill level 5 in Conjurations
  6656 | D:5      | Noticed Duvessa
  6806 | D:5      | Found a stormy altar of Qazlal.
  7151 | D:5      | Killed Duvessa
  7246 | D:5      | Killed Dowan
  7638 | D:6      | Found a broken altar of Ashenzari.
  7642 | D:6      | Found a radiant altar of Vehumet.
  7643 | D:6      | Found an ornate altar of the Wu Jian Council.
  7643 | D:6      | Found a shimmering altar of Xom.
  7643 | D:6      | Found a hazy altar of Hepliaklqana.
  7644 | D:6      | Found a blossoming altar of Fedhas.
  7645 | D:6      | Found a hide-covered altar of Uskayaw.
  7646 | D:6      | Found a snail-covered altar of Cheibriados.
  7647 | D:6      | Found an opulent altar of Gozag.
  7648 | D:6      | Found a glowing golden altar of the Shining One.
  7660 | D:6      | Became a worshipper of Vehumet
  7979 | D:6      | Reached skill level 5 in Fighting
  8717 | D:6      | Reached XP level 9. HP: 40/40 MP: 7/14
  8867 | D:6      | Noticed Jeremiah
  9117 | D:6      | Found a staircase to the Ecumenical Temple.
  9488 | D:6      | Found a radiant altar of Vehumet.
  9488 | D:6      | Found a blossoming altar of Fedhas.
  9488 | D:6      | Found a hide-covered altar of Uskayaw.
  9488 | D:6      | Found a sparkling altar of Nemelex Xobeh.
  9488 | D:6      | Found a shimmering altar of Xom.
  9488 | D:6      | Found a white marble altar of Elyvilon.
 10077 | D:6      | Reached skill level 5 in Dodging
 10328 | D:7      | Reached * piety under Vehumet
 10328 | D:7      | Offered knowledge of Magic Dart by Vehumet.
 10485 | D:7      | Found Homal's Distillery.
 10496 | D:7      | Bought a potion of lignification for 39 gold pieces
 10496 | D:7      | Bought a potion of heal wounds for 65 gold pieces
 10496 | D:7      | Bought a potion of mutation for 104 gold pieces
 10496 | D:7      | Gained mutation: You are strong-willed. (Will+) [potion of
                  | mutation]
 10496 | D:7      | Gained mutation: You are somewhat resistant to further
                  | mutation. [potion of mutation]
 11464 | D:8      | Noticed a two-headed ogre
 11538 | D:8      | Noticed a two-headed ogre
 11551 | D:7      | Killed a two-headed ogre
 11552 | D:7      | Reached XP level 10. HP: 22/47 MP: 3/17
 11675 | D:8      | Killed a two-headed ogre
 11676 | D:8      | Reached skill level 5 in Spellcasting
 12142 | D:8      | Reached ** piety under Vehumet
 12529 | D:8      | Offered knowledge of Kiss of Death by Vehumet.
 12782 | D:9      | Reached skill level 5 in Unarmed Combat
 12962 | D:9      | Noticed a two-headed ogre
 12981 | D:9      | Killed a two-headed ogre
 13095 | D:9      | Noticed a two-headed ogre
 13293 | D:9      | Killed a two-headed ogre
 13500 | D:9      | Noticed a two-headed ogre
 13517 | D:9      | Killed a two-headed ogre
 13727 | D:9      | Reached XP level 11. HP: 50/50 MP: 6/19
 14574 | D:10     | Entered Level 10 of the Dungeon
 14635 | D:10     | Found Qufifeh's Weapon Shop.
 14772 | D:10     | Noticed a two-headed ogre
 14785 | D:10     | Killed a two-headed ogre
 15202 | D:10     | Offered knowledge of Mephitic Cloud by Vehumet.
 15246 | D:10     | Reached skill level 10 in Unarmed Combat
 15334 | D:10     | Reached skill level 1 in Shapeshifting
 15747 | D:10     | Identified the +7 flail of Decaying Reinforcement {freeze,
                  | +Blink rF- rN+ Int+2}
 15908 | D:11     | Noticed a two-headed ogre
 15909 | D:11     | Killed a two-headed ogre
 16010 | D:11     | Reached *** piety under Vehumet
 16104 | D:11     | Learned a level 3 spell: Mephitic Cloud
 16306 | D:11     | Reached skill level 5 in Shapeshifting
 16485 | D:11     | Noticed Gastronok
 16692 | D:11     | Killed Gastronok
 17419 | D:11     | Found a staircase to the Lair.
 17452 | D:11     | Found a runed translucent door.
 17454 | D:11     | Noticed a spriggan rider
 17454 | D:11     | Noticed Dordric's ghost (journeyman TrSh)
 17455 | D:11     | Identified the +6 spear of Hospitality {antimagic, rElec
                  | rCorr}
 17490 | D:11     | Offered knowledge of Fulminant Prism by Vehumet.
 17500 | D:11     | Learned a level 4 spell: Fulminant Prism
 17655 | D:11     | Found a staircase to the Orcish Mines.
 18080 | D:11     | Noticed Lodul
 18108 | D:11     | Killed Lodul
 18108 | D:11     | Reached **** piety under Vehumet
 18372 | D:15     | Identified the of Lubafad
 18372 | Lair:1   | Entered Level 1 of the Lair of Beasts
 18771 | Lair:1   | Gained mutation: Your thick and shaggy fur keeps you warm.
                  | (AC +3, rC+) [Felid growth]
 18771 | Lair:1   | Reached XP level 12. HP: 54/54 MP: 13/20
 18800 | Lair:1   | Slain by an elephant
 18805 | Lair:1   | Upgraded the game from 0.31-a0-986-g5e6e4ef867 to
                  | 0.31-a0-1300-gb6740aa4e6
 18908 | D:11     | Offered knowledge of Inner Flame by Vehumet.
 18959 | D:11     | Slain by a blink frog
 21138 | Lair:1   | Reached skill level 10 in Shapeshifting
 21644 | Lair:1   | Reached skill level 5 in Hexes
 22108 | Lair:2   | Reached ***** piety under Vehumet
 22156 | Lair:2   | Offered knowledge of Brom's Barrelling Boulder by Vehumet.
 22162 | Lair:2   | Found a staircase to the Swamp.
 23035 | Lair:2   | Reached XP level 13. HP: 67/67 MP: 8/21
 23584 | Lair:2   | Found a staircase to the Snake Pit.
 23591 | Lair:2   | Reached skill level 10 in Dodging
 23894 | Lair:2   | Learned a level 4 spell: Brom's Barrelling Boulder
 24071 | Lair:3   | You fall into a shaft and drop 1 floor!
 24424 | Lair:4   | Learned a level 4 spell: Olgreb's Toxic Radiance
 24496 | Lair:4   | Reached skill level 1 in Poison Magic
 24862 | Lair:4   | Noticed Nessos
 24899 | Lair:4   | Your ally Nessos died
 26326 | Lair:3   | Reached skill level 5 in Evocations
 26995 | Lair:4   | Reached skill level 5 in Poison Magic
 27433 | Lair:5   | Entered Level 5 of the Lair of Beasts
 27613 | Lair:5   | Found a staircase to the Slime Pits.
 27646 | Lair:5   | Found a viscous altar of Jiyva.
 28127 | Lair:5   | Offered knowledge of Starburst by Vehumet.
 29047 | Lair:5   | Reached XP level 14. HP: 68/72 MP: 25/25
 29607 | Lair:5   | Found a corrupted altar of Lugonu.
 29607 | Lair:5   | Found a one-way gate to the infinite horrors of the Abyss.
 30415 | D:12     | Reached skill level 10 in Conjurations
 31253 | Orc:1    | Entered Level 1 of the Orcish Mines
 31383 | Orc:2    | Entered Level 2 of the Orcish Mines
 31383 | Orc:2    | Noticed Urug
 31396 | Orc:2    | Killed Urug
 31504 | Orc:2    | Found a transporter.
 31516 | Orc:2    | Noticed Maurice
 31529 | Orc:2    | Killed Maurice
 31630 | Orc:2    | Noticed Erolcha
 31636 | Orc:2    | Killed Erolcha
 31967 | Orc:2    | Found a staircase to the Elven Halls.
 32165 | Orc:2    | Found Syar's Distillery.
 32173 | Orc:2    | Bought a potion of cancellation for 128 gold pieces
 32173 | Orc:2    | Bought a potion of haste for 160 gold pieces
 32173 | Orc:2    | Bought a potion of brilliance for 64 gold pieces
 32173 | Orc:2    | Bought a potion of might for 64 gold pieces
 32201 | Orc:2    | Found a bloodstained altar of Trog.
 32203 | Orc:2    | Noticed bmb222's ghost (journeyman TrSh)
 32208 | Orc:2    | Found a transporter.
 32238 | Orc:2    | Noticed Donald
 32256 | Orc:2    | Killed Donald
 32748 | Orc:2    | Found Hommy's Magic Scroll Emporium.
 32753 | Orc:2    | Found Xeamoigg's Armour Boutique.
 32830 | Orc:2    | Bought 2 scrolls of summoning for 285 gold pieces
 32830 | Orc:2    | Bought a scroll of teleportation for 45 gold pieces
 32830 | Orc:2    | Bought a scroll of teleportation for 45 gold pieces
 32833 | Orc:2    | Found Zysmuusu's Weapon Boutique.
 32835 | Orc:2    | Found Tanimow's Armour Emporium.
 34251 | D:13     | Reached ****** piety under Vehumet
 34395 | D:13     | Learned a level 7 spell: Orb of Destruction
 34711 | D:14     | Noticed Rupert
 34722 | D:13     | Offered knowledge of Bombard by Vehumet.
 34963 | D:14     | Found a flickering gateway to a bazaar.
 34974 | Bazaar   | Entered a bazaar
 34974 | Bazaar   | Found Kiozyashil's Assorted Antiques.
 34974 | Bazaar   | Found Geunade's Book Emporium.
 34976 | Bazaar   | Found Ytsije's Magic Scroll Shoppe.
 34992 | Bazaar   | Found Emaulog's Magic Scroll Emporium.
 35009 | Bazaar   | Bought a scroll of blinking for 255 gold pieces
 35009 | Bazaar   | Bought a wand of charming (5) for 408 gold pieces
 35009 | Bazaar   | Bought a scroll of teleportation for 102 gold pieces
 35009 | Bazaar   | Bought a scroll of fear for 136 gold pieces
 35015 | Bazaar   | Bought Ozocubu's Autobiography for 288 gold pieces
 35097 | D:14     | Found an iron altar of Okawaru.
 35112 | D:14     | Killed Rupert
 35113 | D:14     | Reached XP level 15. HP: 68/79 MP: 19/27
 36236 | D:14     | Found a gate to the Vaults.
 36412 | D:14     | Learned a level 6 spell: Bombard
 36535 | D:15     | Entered Level 15 of the Dungeon
 36535 | D:15     | Found a bloodstained altar of Trog.
 36731 | D:15     | Reached skill level 10 in Spellcasting
 37015 | D:15     | Found a frozen archway.
 37142 | IceCv    | Entered an ice cave
 37520 | D:15     | Found a transporter.
 37541 | D:15     | Noticed Agnes
 37549 | D:15     | Killed Agnes
 38193 | D:15     | Noticed Veikh's ghost (journeyman SpDe)
 38203 | D:15     | Found a transporter.
 38591 | Swamp:1  | Entered Level 1 of the Swamp
 38768 | Swamp:1  | Identified a scroll of acquirement
 38774 | Swamp:1  | Acquired Pyelir's Dissertation on Transition and Oromancy
 38784 | Swamp:1  | Learned a level 5 spell: Irradiate
 38806 | Swamp:1  | Reached skill level 1 in Transmutations
 39506 | Swamp:1  | Reached skill level 5 in Transmutations
 39977 | Swamp:1  | Noticed Kirke
 39989 | Swamp:1  | Killed Kirke
 41161 | Swamp:3  | Reached XP level 16. HP: 70/84 MP: 17/31
 42703 | Swamp:4  | Entered Level 4 of the Swamp
 42868 | Swamp:4  | Offered knowledge of Arcjolt by Vehumet.
 42977 | Swamp:4  | Reached skill level 15 in Conjurations
 44167 | Swamp:4  | Got a decaying rune of Zot
 44756 | Swamp:4  | Reached skill level 10 in Fighting
 45038 | Swamp:4  | HP: 4/103 [fenstrider witch/+0 rapier (16)]
 45738 | Snake:1  | Entered Level 1 of the Snake Pit
 45834 | Snake:1  | Found a runed translucent door.
 45836 | Snake:1  | Noticed Yschutux's ghost (adept DrMo)
 47547 | Snake:2  | Offered knowledge of Plasma Beam by Vehumet.
 49332 | Snake:2  | Killed from afar by a salamander tyrant
 49353 | Snake:2  | Reached XP level 17. HP: 93/93 MP: 21/32
 52005 | Snake:3  | Reached skill level 15 in Dodging
 54614 | Snake:3  | Offered knowledge of Yara's Violent Unravelling by Vehumet.
 55563 | Snake:4  | Entered Level 4 of the Snake Pit
 56733 | Snake:4  | Learned a level 5 spell: Yara's Violent Unravelling
 58889 | Snake:4  | Identified the ring "Lowumn" {^Contam rF+ AC+4 Slay+4}
 59548 | Snake:4  | Offered knowledge of Ignition by Vehumet.
 59680 | Snake:4  | Reached XP level 18. HP: 77/98 MP: 15/35
 60521 | Snake:4  | Got a serpentine rune of Zot
 60923 | D:15     | Found a staircase to the Depths.
 61065 | Vaults:1 | Entered Level 1 of the Vaults
 61455 | Vaults:1 | Mangled by an ironbound thunderhulk
 61706 | Vaults:1 | Identified the +5 plate armour "Ojeof" {Rampage rF- MP+9
                  | Dex+4}
 62075 | Vaults:1 | Found a portal to a secret trove of treasure.
 62257 | Vaults:1 | Found a huge runed gate.
 62257 | Vaults:1 | Found a huge runed gate.
 62257 | Vaults:1 | Found a huge runed gate.
 62257 | Vaults:1 | Found a huge runed gate.
 62257 | Vaults:1 | Found a huge runed gate.
 62257 | Vaults:1 | Found a huge runed gate.
 62258 | Vaults:1 | Found a huge runed gate.
 62258 | Vaults:1 | Found a huge runed gate.
 62258 | Vaults:1 | Found a huge runed gate.
 62258 | Vaults:1 | Found a huge runed gate.
 62414 | Vaults:1 | Found a huge runed gate.
 62418 | Vaults:1 | Found a huge runed gate.
 62419 | Vaults:1 | Found a huge runed gate.
 62425 | Vaults:1 | Found a huge runed gate.
 62425 | Vaults:1 | Found a huge runed gate.
 62425 | Vaults:1 | Found a huge runed gate.
 62425 | Vaults:1 | Found a huge runed gate.
 62426 | Vaults:1 | Found a huge runed gate.
 62427 | Vaults:1 | Found a huge runed gate.
 62465 | Vaults:1 | Found a huge runed gate.
 62465 | Vaults:1 | Found a huge runed gate.
 62465 | Vaults:1 | Found a huge runed gate.
 62465 | Vaults:1 | Found a huge runed gate.
 62465 | Vaults:1 | Found a huge runed gate.
 62465 | Vaults:1 | Found a huge runed gate.
 62466 | Vaults:1 | Found a huge runed gate.
 62467 | Vaults:1 | Found a huge runed gate.
 62468 | Vaults:1 | Found a huge runed gate.
 62476 | Vaults:1 | Found a huge runed gate.
 62476 | Vaults:1 | Found a huge runed gate.
 62476 | Vaults:1 | Found a huge runed gate.
 62476 | Vaults:1 | Found a huge runed gate.
 62476 | Vaults:1 | Found a huge runed gate.
 62476 | Vaults:1 | Found a huge runed gate.
 62477 | Vaults:1 | Found a huge runed gate.
 62478 | Vaults:1 | Found a huge runed gate.
 63461 | Vaults:2 | Identified the +4 quarterstaff of Doubt {heavy, rPois
                  | Int+2}
 63795 | Vaults:2 | Noticed Mennas
 64223 | Vaults:2 | Identified the +2 cloak of Ylletom {Slay+3}
 64674 | Vaults:3 | Learned a level 7 spell: Spellforged Servitor
 64705 | Vaults:3 | Reached skill level 1 in Summonings
 64969 | Vaults:3 | Noticed Sojobo
 64976 | Vaults:3 | Killed Sojobo
 65106 | Vaults:3 | Upgraded the game from 0.31-a0-1300-gb6740aa4e6 to
                  | 0.31-a0-1308-ga3cce3a448
 65286 | Vaults:3 | Learned a level 8 spell: Lehudib's Crystal Spear
 65587 | Vaults:3 | Reached skill level 5 in Summonings
 66804 | Vaults:3 | Reached XP level 19. HP: 102/102 MP: 25/38
 67104 | Vaults:3 | Found Tune's Jewellery Boutique.
 67113 | Vaults:3 | Bought a +6 ring of intelligence for 576 gold pieces
 69938 | Vaults:4 | Noticed Jory
 69944 | Vaults:4 | Killed from afar by Jory
 71081 | Vaults:4 | Killed Jory
 71425 | Vaults:4 | Noticed Zenata
 71796 | Vaults:4 | Identified the serpent talisman "Kaomub" {+Blink rC+
                  | Slay+2}
 71796 | Vaults:4 | Noticed Aizul
 71803 | Vaults:4 | Killed Aizul
 72790 | Depths:1 | Entered Level 1 of the Depths
 72868 | Depths:1 | Found a gateway to Hell.
 73111 | Vaults:3 | Bought a granite talisman for 960 gold pieces
 75422 | Depths:2 | Found a one-way gate leading to the halls of Pandemonium.
 75790 | Depths:2 | Noticed a caustic shrike
 75798 | Depths:2 | Reached XP level 20. HP: 44/107 MP: 10/39
 75799 | Depths:2 | Killed a caustic shrike
 75802 | Depths:2 | Killed from afar by a fire giant
 76186 | Depths:2 | Found a stormy altar of Qazlal.
 76831 | Depths:2 | Found a shadowy altar of Dithmenos.
 77298 | Depths:3 | Noticed a golden dragon
 77303 | Depths:3 | Reached skill level 15 in Shapeshifting
 78172 | Depths:3 | Offered knowledge of Fire Storm by Vehumet.
 78172 | Depths:3 | Offered knowledge of Shatter by Vehumet.
 78172 | Depths:3 | Offered knowledge of Chain Lightning by Vehumet.
 78255 | Depths:3 | Killed a golden dragon
 79693 | Depths:3 | Reached skill level 5 in Stealth
 79722 | Depths:3 | Reached XP level 21. HP: 111/111 MP: 37/40
 80098 | Depths:4 | Entered Level 4 of the Depths
 80181 | Depths:4 | Found a one-way gateway to a ziggurat.
 80193 | Depths:4 | Noticed a golden dragon
 80198 | Depths:4 | Killed a golden dragon
 80494 | Depths:4 | Reached skill level 10 in Earth Magic
 80555 | Depths:4 | Found a gate to the Realm of Zot.
 80944 | Depths:4 | Noticed a golden dragon
 80950 | Depths:4 | Killed a golden dragon
 81206 | Depths:4 | Found a sacrificial altar of Ru.
 81508 | Depths:4 | Found Beiqihest's Magic Scroll Shoppe.
 81511 | Depths:4 | Bought a scroll of teleportation for 66 gold pieces
 81511 | Depths:4 | Bought a scroll of teleportation for 66 gold pieces
 81511 | Depths:4 | Bought a scroll of fog for 88 gold pieces
 81511 | Depths:4 | Bought a scroll of teleportation for 66 gold pieces
 81864 | Elf:1    | Entered Level 1 of the Elven Halls
 82042 | Elf:1    | Noticed Frances
 82046 | Elf:1    | Killed Frances
 82113 | Elf:1    | Found an ancient bone altar of Kikubaaqudgha.
 82211 | Elf:1    | Found Mebe's Assorted Antiques.
 82241 | Elf:1    | Noticed Roxanne
 82246 | Elf:1    | Killed Roxanne
 82701 | Elf:1    | Got the Papyrus of Unified Striking
 83202 | Elf:2    | Found a runed translucent gate.
 83203 | Elf:2    | Found a runed translucent gate.
 83203 | Elf:2    | Found a runed translucent gate.
 83568 | Elf:2    | Found Xipag's Weapon Boutique.
 83835 | Elf:3    | Entered Level 3 of the Elven Halls
 84181 | Elf:3    | Found Winofiog's Jewellery Shoppe.
 84292 | Elf:3    | Found Xahiusee's General Store.
 84958 | Elf:3    | Identified the +1 scale mail of Macaroni {Will+ Stlth+}
 85368 | Elf:3    | Reached XP level 22. HP: 115/115 MP: 22/41
 85897 | Snake:1  | Killed Yschutux's ghost
 85900 | Snake:1  | Identified the ring "Ebohousm" {Fire rN+}
 85901 | Snake:1  | Identified the +7 plate armour of the Journeyman {Harm
                  | rPois Int+3}
 86381 | Vaults:2 | Found a staircase to the Crypt.
 86389 | Crypt:1  | Entered Level 1 of the Crypt
 86983 | Crypt:1  | Learned a level 5 spell: Lee's Rapid Deconstruction
 88972 | Crypt:3  | Entered Level 3 of the Crypt
 89230 | Crypt:2  | Reached skill level 15 in Earth Magic
 89550 | Crypt:3  | Got Bonepraf's Compendium of Chilly Silt
 89747 | Crypt:3  | Noticed Xtahua
 89754 | Crypt:3  | Killed Xtahua
 90555 | Crypt:3  | Found a staircase to the Tomb.
 90826 | Crypt:3  | Reached XP level 23. HP: 120/120 MP: 11/42
 91077 | Crypt:3  | Found a basalt altar of Yredelemnul.
 91083 | Crypt:3  | Found an ancient bone altar of Kikubaaqudgha.
 91098 | Crypt:3  | Got the Precepts of the Commander and Aeromancy
 91103 | Crypt:3  | Got Fyotu's Information on the Dead
 91121 | Crypt:3  | Got the Tome of Anemomancy and Transposition
 91126 | Crypt:3  | Got the Anthology of the Shifting Quake
 91467 | Vaults:2 | Killed Mennas
 91524 | Vaults:2 | Found Zewer's General Store.
 91531 | Vaults:2 | Bought a potion of brilliance for 72 gold pieces
 91531 | Vaults:2 | Bought a potion of heal wounds for 90 gold pieces
 91858 | Vaults:4 | Noticed Saint Roka
 91868 | Vaults:4 | Killed Saint Roka
 92099 | Vaults:4 | Killed Zenata
 92532 | Vaults:5 | Entered Level 5 of the Vaults
 92886 | Vaults:5 | Got Cyllong's Vellum of Beguiling Fire
 93140 | Vaults:5 | Got the Almanac of Cooperative Permutations
 93324 | Vaults:5 | Identified the +3 leather armour of the Evening Star {rN+++
                  | Slay-3}
 93324 | Vaults:5 | Identified the ring "Voimy" {Int+7 Dex+6 Stlth+}
 93587 | Vaults:5 | Identified the amulet of Xom's Attic {Harm Regen+ Str+4}
 93631 | Vaults:5 | Noticed an ancient lich
 93635 | Vaults:5 | Killed an ancient lich
 93662 | Vaults:5 | Identified the staff "Yshor" {Int+5 Conj Earth}
 93729 | Vaults:5 | Identified the +5 ring mail of Leapfrog {Dex+2}
 93762 | Vaults:5 | Identified the +5 scale mail of the Good {rElec rPois rN++
                  | rCorr Dex-5}
 94063 | Vaults:5 | Noticed a dread lich
 94187 | Vaults:5 | Identified the staff "Fish" {rPois rN+ Summ Poison}
 94252 | Vaults:5 | Killed a dread lich
 94394 | Vaults:5 | Identified the +0 short sword of Joaptut {elec, rF+ Dex+3}
 94411 | Vaults:5 | Identified the ring of Kusif {rC+ rCorr Int+6 Stlth+}
 94432 | Vaults:5 | Reached XP level 24. HP: 129/129 MP: 21/42
 94645 | Vaults:5 | Got a silver rune of Zot
 95583 | Elf:3    | Bought a ring of wizardry for 540 gold pieces
 96052 | Zot:1    | Entered Level 1 of the Realm of Zot
 96052 | Zot:1    | Identified the staff of Sunlight {rF+ rCorr Fire}
 96367 | Zot:3    | Found the +4 dragonskin cloak
 96367 | Zot:3    | Noticed Tiamat
 96373 | Zot:2    | Reached skill level 15 in Spellcasting
 96450 | Zot:2    | Noticed an orb of fire
 96458 | Zot:2    | Killed an orb of fire
 97027 | Zot:4    | Noticed an orb of fire
 97029 | Zot:4    | HP: 5/167 [purple draconian/+2 heavy flail (33)]
 97029 | Zot:4    | Slain by a tentacled monstrosity
 97214 | Zot:4    | Killed an orb of fire
 97534 | Zot:4    | Learned a level 9 spell: Shatter
 97806 | Zot:4    | Got Sif Muna's Compendium of Cobwebs
 98340 | Zot:5    | Entered Level 5 of the Realm of Zot
 98747 | Zot:5    | Noticed an orb of fire
 98749 | Zot:5    | Killed an orb of fire
 98836 | Zot:5    | Noticed an orb of fire
 98837 | Zot:5    | Gained mutation: You occasionally lose the ability to drink
                  | potions when taking damage. [an orb of fire]
 98842 | Zot:5    | Killed an orb of fire
 98943 | Zot:5    | Noticed a Killer Klown
 98949 | Zot:5    | Killed a Killer Klown
 98950 | Zot:5    | Reached XP level 25. HP: 133/133 MP: 25/45
 99140 | Zot:5    | Noticed an ancient lich
 99146 | Zot:5    | Killed an ancient lich
 99152 | Zot:5    | Noticed an ancient lich
 99152 | Zot:5    | Noticed a dread lich
 99153 | Zot:5    | Killed a dread lich
 99160 | Zot:5    | Killed an ancient lich
 99495 | Zot:5    | Noticed a Killer Klown
 99510 | Zot:5    | Killed a Killer Klown
 99570 | Zot:5    | Noticed an ancient lich
 99578 | Zot:5    | Killed an ancient lich
 99869 | Zot:5    | Noticed an orb of fire
 99911 | Zot:5    | Noticed an orb of fire
 99922 | Zot:5    | Killed an orb of fire
 99981 | Zot:5    | Noticed a Killer Klown
 99992 | Zot:5    | Killed a Killer Klown
100280 | Zot:5    | Got the Orb of Zot
100285 | Zot:5    | Noticed an orb of fire
100614 | D:14     | Noticed Feuhemnukk the pandemonium lord
100743 | D:11     | Noticed Tub Ugor the pandemonium lord
100835 | D:5      | Killed Jeremiah
100949 | D:$      | Escaped with the Orb!

Illustrated notes

Levels and vault maps discovered:
D:1:      erik_arrival_blinker_ship, layout_loops_cross
D:2:      layout_loops_corners, corexii_item_surrounded_by_moat, uniq_terence
D:3:      layout_loops_cross
D:4:      layout_loops_ring, hangedman_abyss_or_decor_passed, solitary_fountain,
          lightli_corner_chamber, uniq_blork_the_orc, uniq_crazy_yiuf_cottage
D:5:      cheibrodos_quashed, layout_rooms, mainiacjoe_overflow_surrounded_room,
          uniq_menkaure, uniq_duvessa, uniq_grinder
D:6:      cheibrodos_fertilizer, layout_loops_ring, minitemple,
          minmay_temple_entry_statues_fountains, uniq_jeremiah
D:7:      layout_loops_ring, serial_shops, nicolae_shop_just_a_little_nook
D:8:      layout_cave_pools
D:9:      layout_basic
D:10:     layout_small_grid, serial_shops, nicolae_shop_behind_doors,
          nrook_uturn
D:11:     layout_basic, erik_lair_orcish_takeover, erik_orc_1,
          ebering_ghost_funeral_grove, uniq_gastronok, uniq_lodul
D:12:     layout_stronghold, drop_trap
D:13:     layout_basic
D:14:     layout_loops_ring, ximxim_vaults_locker_room, serial_shops,
          bzr_entry_dummy, okawaru_ov_weapons_minmay, minmay_misc_feat_rows,
          kennysheep_pointless_box, uniq_rupert
D:15:     grunt_enter_depths_snipers, layout_rooms,
          portal_ice_cave_entry_dragon, gammafunk_ghost_berserking_beasts,
          minivault_27, trog_ov_bears_minmay, uniq_agnes
Lair:1:   lemuel_slime, layout_regular_city, lemuel_fruit_fields
Lair:2:   layout_hall_layers, swamp_mist, alex1729_snake_entry_snake,
          dreamdust_mushroom_princess, wad_woods_road_06, grunt_megastairs_4
Lair:3:   layout_gridlike, gauntlet_entry_generic, forest_entry_grove
Lair:4:   layout_cave_shapes, uniq_nessos
Lair:5:   hellmonk_lair_end_abyssal_woods, layout_hall_layers,
          nicolae_slime_entry_field_trip, lemuel_fruit_fields
Swamp:1:  layout_basic_swamp, evilmike_swamp_ruin_rubble_1,
          infiniplex_staircase_pool, uniq_kirke
Swamp:2:  layout_falls_marsh, infiniplex_staircase_pool_2
Swamp:3:  layout_falls_marsh, serial_swamp_ruin, evilmike_swamp_ruin_wall,
          evilmike_swamp_ruin_house_6, evilmike_swamp_ruin_house_5,
          swamp_pool_5, nicolae_swamp_long_stream
Swamp:4:  swamp_alternative, layout_basic_swamp, swamp_pool_1_2
Snake:1:  layout_misc_corridors, gammafunk_ghost_grave, hangedman_snake_pattern,
          serial_library_hellmonk_recessed_alcove, serial_bayou_shore_a
Snake:2:  layout_cave_town, grunt_megastairs_5
Snake:3:  layout_basic, lemuel_fruit_tree
Snake:4:  grunt_snake_rune_pools, layout_cave_town,
          nicolae_snake_round_shape_thing, drop_trap
Orc:1:    layout_caves
Orc:2:    st_orc_elflike, layout_diamond_mine, serial_shops, shop,
          gammafunk_ghost_wrathful_warriors, uniq_maurice, uniq_urug,
          uniq_donald, uniq_erolcha
Elf:1:    eino_elf_arrival_customs, layout_geoelf_octagon, basic_altar,
          serial_shops, nicolae_shop_tiny_real_fake_doors, minmay_elf_sorcery,
          amcnicky_mini_pool_small, uniq_roxanne, uniq_frances
Elf:2:    nicolae_elf_blades_crystal_corner, layout_loops_corners, serial_shops,
          shop, uniq_jorgrun
Elf:3:    elf_hall, layout_geoelf_diagonals, serial_shops, shop,
          minmay_shop_star
Vaults:1: v_misc_28, nicolae_vaults_little_squares_6,
          nicolae_vaults_door_testing_chamber, nicolae_vaults_three_branches,
          serial_ice_m, nicolae_vaults_cornered_office, nicolae_vaults_mitosis,
          nicolae_vaults_yaktaur_gun_rack, door_vault,
          ontoclasm_vaults_misaligned, vaults_mumra_chevron_long,
          nicolae_vaults_diagonal_hallway_8, layout_vaults_maze,
          nicolae_trove_entry_crossroad
Vaults:2: nicolae_vaults_circle_grid_b, grunt_vaults_hallway_long,
          nicolae_vaults_whirlpool_walls, nicolae_vaults_variable_pillar_hall,
          minmay_crypt_entry_simple_walls, nicolae_vaults_offset_grid_hallway_4,
          nicolae_vaults_shrinking_rooms_1, serial_ice_m,
          nicolae_vaults_apartment_1, nicolae_vaults_diamond_1, v_rooms_2,
          vaults_room_pool, nicolae_vaults_little_squares_3,
          layout_vaults_big_room, serial_shops, shop, uniq_mennas
Vaults:3: portal_desolation_entry_salt, grunt_vaults_hallway_short,
          vaults_room_corners, vaults_room_large_hall, lightli_church_of_beogh,
          hangedman_vaults_maws, hangedman_vaults_hat, nicolae_vaults_network_s,
          nicolae_vaults_tangram_2, nicolae_vaults_storage_room_glass,
          nicolae_vaults_sealed_display, nicolae_vaults_border_crossing,
          layout_vaults_ring, serial_shops, nicolae_shop_hallway_plus,
          uniq_sojobo
Vaults:4: vaults_standard_mumra_x, v_misc_28, v_misc_2,
          nicolae_vaults_weapon_check, vaults_room_grid,
          nicolae_vaults_murder_corner, nicolae_vaults_closet_pinwheel_4,
          vaults_room_pool, vaults_room_corners, nicolae_vaults_rhombus_5,
          layout_vaults_omnigrid, uniq_zenata, uniq_jory, uniq_saint_roka,
          uniq_aizul
Vaults:5
Crypt:1:  layout_chaotic_city, grunt_ministairs_10, minicrypt_bobbens
Crypt:2:  layout_chaotic_city, serial_sigils_hangedman_shear, minivault_11
Crypt:3:  lightli_unholy_cathedral, layout_chaotic_city,
          nicolae_tomb_entry_unfolded_pyramid_diagonal, uniq_xtahua
Depths:1: layout_honeycomb, abyss_entry, pf_vacation_house_of_asmodeus,
          nicolae_concentric_dashed_squares_mild, patterned_corridor
Depths:2: minmay_curly_fans, layout_basic, hell_entry,
          nicolae_dithmenos_the_darkroom, rand_demon_pan_entry_5,
          nicolae_qazlal_style_of_elements
Depths:3: grunt_deathspiral_large, layout_cave_pools, grunt_mini_vestibule,
          chequers_serial_rivers_marsh, abyss_entry
Depths:4: evilmike_zot_entry_diamond, layout_long_grid, enter_ziggurat_f,
          serial_shops, nicolae_shop_real_fake_doors, abyss_entry,
          chequers_decorated_corner, hell_entry, nicolae_ru_awakened_eye
Zot:1:    layout_gridlike, regret_index_zotdec_obsidian_hm, st_stairs_6,
          hangedman_elemental_corridor
Zot:2:    infiniplex_zot_generator, layout_gridlike
Zot:3:    hangedman_zot_vaults_quadrants, layout_concentric_octagons,
          regret_index_zotdec_carving_tricks, uniq_tiamat
Zot:4:    layout_onion
Zot:5:    layout_basic

Skill      XL: |  1  2  3  4  5  6  7  8  9 10 11 12 13 14 15 16 17 18 19 20 21 22 23 24 25 |
---------------+----------------------------------------------------------------------------+-----
Earth Magic    | 2 3 4 5 6 7 9 13 15 18 20 22 | 22.0
Spellcasting   | 2 3 4 5 7 10 12 14 17 | 17.0
Fighting       | 1 3 5 7 9 12 14 | 14.7
Conjurations   | 4 6 7 8 12 14 15 16 17 | 17.0
Unarmed Combat | 4 8 10 | 10.0
Dodging        | 5 7 9 10 13 16 18 20 22 | 22.0
Shapeshifting  | 8 10 13 16 | 16.0
Hexes          | 7 |  7.0
Poison Magic   | 5 |  5.7
Evocations     | 5 |  5.0
Transmutations | 5 |  5.5
Summonings     | 6 9 |  9.0
Stealth        | 5 8 |  8.0

Action                     |  1- 3 |  4- 6 |  7- 9 | 10-12 | 13-15 | 16-18 | 19-21 | 22-24 | 25-27 || total
---------------------------+-------+-------+-------+-------+-------+-------+-------+-------+-------++-------
  Melee: Unarmed           |     8 |    10 |    26 |   274 |   428 |   364 |   341 |   536 |    71 ||  2058
         Punch             |       |     1 |       |    11 |       |       |    29 |    60 |     8 ||   109
         Bite              |       |       |     4 |     8 |       |       |    44 |   114 |    16 ||   186
         Constrict         |       |       |       |    28 |   116 |    81 |    18 |       |       ||   243
   Cast: Sandblast         |   145 |    91 |   143 |    49 |     1 |       |       |       |       ||   429
         Stone Arrow       |       |       |   102 |   319 |   348 |     6 |       |       |       ||   775
         Fulminant Prism   |       |       |       |    39 |    47 |     4 |       |       |       ||    90
         Mephitic Cloud    |       |       |       |     1 |    46 |    21 |    12 |     1 |       ||    81
         Olgreb's Toxic Ra |       |       |       |       |   155 |    74 |    64 |    36 |       ||   329
         Brom's Barrelling |       |       |       |       |     3 |       |       |       |       ||     3
         Bombard           |       |       |       |       |    49 |   155 |    70 |    46 |     9 ||   329
         Orb of Destructio |       |       |       |       |    33 |   403 |   269 |   115 |     2 ||   822
         Irradiate         |       |       |       |       |     3 |    28 |    18 |    25 |     4 ||    78
         Yara's Violent Un |       |       |       |       |       |    13 |    38 |    28 |       ||    79
         Spellforged Servi |       |       |       |       |       |     2 |    92 |   121 |    23 ||   238
         Lehudib's Crystal |       |       |       |       |       |       |     1 |   121 |    51 ||   173
         Lee's Rapid Decon |       |       |       |       |       |       |       |    52 |     1 ||    53
         Shatter           |       |       |       |       |       |       |       |     1 |     7 ||     8
  Evoke: Wand              |       |       |     3 |     5 |     7 |    13 |     4 |     2 |       ||    34
    Use: Scroll            |     1 |     3 |     6 |     8 |    14 |    18 |    11 |    16 |     2 ||    79
         Potion            |       |       |     1 |     1 |       |    12 |       |    11 |     2 ||    27
   Stab: Sleeping          |     3 |     6 |     1 |     1 |       |     1 |       |       |       ||    12
         Distracted        |       |       |       |     1 |       |       |     5 |    18 |     1 ||    25
         Confused          |       |       |       |       |    13 |     8 |     5 |     3 |       ||    29
         Invisible         |       |       |       |       |       |       |       |     1 |       ||     1
 Armour: Skin              |     9 |    13 |    63 |   220 |   290 |   455 |   311 |   531 |    93 ||  1985
  Dodge: Dodged            |    36 |    26 |   118 |   220 |   360 |   533 |   533 |  1625 |   177 ||  3628
   Form: Serpent           |       |       |       |     3 |     1 |     2 |     3 |       |       ||     9
                           |       |       |       |     2 |       |       |       |       |       ||     2
         Maw               |       |       |       |       |     1 |     2 |       |       |       ||     3
         Statue            |       |       |       |       |       |       |     3 |       |       ||     3

Table legend: (Time is in decaauts)
 A = Elapsed time spent in this place.
 B = Non-inter-level travel time spent in this place.
 C = Inter-level travel time spent in this place.
 D = Time resting spent in this place.
 E = Time spent auto-exploring this place.
 F = Levels seen in this place.
 G = Mean time per level.
                   A        B        C        D        E       F      G
               +--------+--------+--------+--------+--------+-----+--------+
         Total | 111699 | 104258 |   7441 |  55522 |  28113 |  52 | 2148.1 |
       Dungeon |  25279 |  22694 |   2585 |  10796 |   6672 |  15 | 1685.3 |
          Lair |  11736 |  10904 |    832 |   5389 |   2746 |   5 | 2347.2 |
         Swamp |   7194 |   6821 |    373 |   4563 |   1422 |   4 | 1798.5 |
     Snake Pit |  14556 |  14241 |    315 |  10062 |   2521 |   4 | 3639.0 |
  Orcish Mines |   2541 |   2190 |    351 |    967 |    777 |   2 | 1270.5 |
   Elven Halls |   6098 |   5538 |    560 |   2136 |   2494 |   3 | 2032.7 |
        Vaults |  18388 |  17367 |   1021 |   9627 |   4509 |   5 | 3677.6 |
         Crypt |   7187 |   6962 |    225 |   3052 |   2599 |   3 | 2395.7 |
        Depths |  12040 |  11011 |   1029 |   5498 |   3739 |   4 | 3010.0 |
           Zot |   6445 |   6299 |    146 |   3293 |    606 |   5 | 1289.0 |
        Bazaar |     48 |     48 |      0 |      0 |     25 |   1 |   48.0 |
      Ice Cave |    184 |    184 |      0 |    135 |      0 |   1 |  184.0 |
               +--------+--------+--------+--------+--------+-----+--------+

Top non-repeatable levels by time:
Depths:3: 5083 daAuts
Vaults:3: 5071 daAuts
 Snake:2: 4572 daAuts
 Snake:4: 4252 daAuts
Vaults:4: 3982 daAuts
Vaults:5: 3978 daAuts
Vaults:2: 3529 daAuts
 Snake:3: 3407 daAuts
  Lair:1: 3366 daAuts
  Lair:2: 2898 daAuts
    D:11: 2820 daAuts
   Elf:3: 2763 daAuts
    D:14: 2694 daAuts
   Zot:5: 2621 daAuts
Depths:1: 2603 daAuts
